 Dungeon Crawl Stone Soup version 0.31.0-11-ge490571c62 (webtiles) character file.

Game seed: 15693368160261345441

130 Ashen the Sneak (level 5, -4/37 HPs)
             Began as a Gnoll Enchanter on Feb 7, 2024.
             Killed from afar by an orc wizard (8 damage)
             ... with a puff of flame
             ... on level 4 of the Dungeon.
             The game lasted 00:03:45 (2446 turns).

Ashen the Sneak (Gnoll Enchanter)                   Turns: 2446, Time: 00:03:46

Health: -4/37      AC:  4    Str:  7    XL:     5   Next: 14%
Magic:  10/12      EV: 13    Int: 14    God:
Gold:   154        SH:  0    Dex: 15    Spells: 3/14 levels left

rFire   . . .        a - +1 dagger
rCold   . . .        e - +0 buckler
rNeg    . . .        b - +0 robe
rPois   .            (no helmet)
rElec   .            s - +0 cloak
rCorr   .            (no gloves)
SInv    .            d - +0 pair of boots
Will    .....        (no amulet)
Stlth   +            (no ring)
HPRegen 0.26/turn    (no ring)
MPRegen 0.13/turn

%: no passive effects
@: confused
A: fangs 1, strong nose, distributed training
a: no special abilities


You were on level 4 of the Dungeon.
You visited 1 branch of the dungeon, and saw 4 of its levels.

You collected 154 gold pieces.

Inventory:

Hand Weapons
 a - a +1 dagger (weapon)
Armour
 b - a +0 robe (worn)
 d - a +0 pair of boots (worn)
 e - a +0 buckler (worn)
 s - a +0 cloak (worn)
Jewellery
 n - a ring of willpower
 r - a ring of wizardry
Wands
 u - a wand of flame (22)
Scrolls
 h - a scroll of enchant weapon {unknown}
 i - a scroll of teleportation {unknown}
 j - a scroll of summoning {unknown}
 k - a scroll of torment {unknown}
 l - a scroll of fear {unknown}
 m - a scroll of fog {unknown}
 p - a scroll of identify {unknown}
Potions
 c - 2 potions of invisibility
 f - a potion of curing {unknown}
 g - a potion of ambrosia {unknown}
 o - a potion of heal wounds {unknown}
 q - a potion of degeneration {unknown}
 t - a potion of attraction {unknown}


   Skills:
 + Level 1.4 Fighting
 + Level 2.9 Short Blades
 + Level 1.4 Long Blades
 + Level 1.4 Axes
 + Level 1.4 Maces & Flails
 + Level 1.4 Polearms
 + Level 1.4 Staves
 + Level 1.4 Ranged Weapons
 + Level 1.4 Throwing
 + Level 1.4 Armour
 + Level 4.7 Dodging
 + Level 6.1 Stealth
 + Level 1.4 Shields
 + Level 1.4 Unarmed Combat
 + Level 5.2 Spellcasting
 + Level 1.1 Conjurations
 + Level 5.5 Hexes
 + Level 1.1 Summonings
 + Level 1.1 Necromancy
 + Level 1.1 Translocations
 + Level 1.1 Fire Magic
 + Level 1.1 Ice Magic
 + Level 1.1 Air Magic
 + Level 1.1 Earth Magic
 + Level 1.1 Alchemy
 + Level 1.6 Invocations
 + Level 1.4 Evocations
 + Level 1.3 Shapeshifting


You had 3 spell levels left.
You knew the following spells:

 Your Spells              Type           Power      Damage    Failure   Level
a - Ensorcelled Hibernat  Hex/Ice        26%        N/A       11%         2
b - Confusing Touch       Hex            19%        N/A       9%          3
c - Tukima's Dance        Hex            19%        N/A       9%          3
d - Dazzling Flash        Conj/Hex       26%        N/A       22%         3

Your spell library contained the following spells:

 Spells                   Type           Power      Damage    Failure   Level
 Ozocubu's Armour         Ice            6%         N/A       47%         3
 Metabolic Englaciation   Hex/Ice        6%         N/A       90%         5
 Sculpt Simulacrum        Ice/Alch       3%         N/A       100%        6


Dungeon Overview and Level Annotations

Branches:
Dungeon (4/15)
 Temple: D:4-7

Altars:
Okawaru
Vehumet

Shops:
D:4 [


Innate Abilities, Weirdness & Mutations

You have very sharp teeth.
Your uncanny sense of smell can sniff out nearby items.
Your experience applies equally to all skills.


Message History

Aim: an orc, wielding a +0 short sword and wearing a +0 leather armour (chance to affect: 64%)
The orc looks drowsy...
You hear some strange, mumbled words.
A magic dart appears from out of thin air!
The magic dart hits you.
The helpless orc fails to defend itself.
You stick the orc like a pincushion!!!
You kill the orc!
Something hits you but does no damage.
You hit something. Your bite misses something.
You hear some strange, mumbled words.
A puff of flame appears from out of thin air!
The puff of flame hits you!
You hit something but do no damage.
You hear some strange, mumbled words.
You are confused.
You bump into the rock wall.
You hear some strange, mumbled words.
You are more confused.
Something hits you.
Things that are here:
a +0 short sword; a +0 leather armour You bump into the rock wall.
Something hits you but does no damage.
You bump into the rock wall.
Something hits you.
* * * LOW HITPOINT WARNING * * *
You bump into the rock wall.
You hear some strange, mumbled words.
A magic dart appears from out of thin air!
The magic dart hits you.
* * * LOW HITPOINT WARNING * * *
Something hits you.
* * * LOW HITPOINT WARNING * * *
You bump into the rock wall.
Something barely misses you.
You bump into the rock wall.
Something hits you.
* * * LOW HITPOINT WARNING * * *
You bump into the rock wall.
You hear some strange, mumbled words.
A puff of flame appears from out of thin air!
The puff of flame hits you!
You die...

#############
#######..))........ ..
..........{@....... .. ..
#######.########### #. .#
............############.#.#
............##........##....
............#.....#....##.##
..................)....##.#.
..#####+#######.#._.#..##...
. #...........#.
#...#...##..##


There were no monsters in sight!

Vanquished Creatures
  Crazy Yiuf (D:3)
  4 adders
  2 ribbon worms
  3 orcs (D:4)
  5 ball pythons
  8 bats
  6 endoplasms
  5 goblins
  3 hobgoblins
  5 jackals
  4 quokkas
  A frilled lizard (D:3)
  4 kobolds
  6 rats
57 creatures vanquished.

Notes
Turn   | Place    | Note
-------+----------+-------------------------------------------
     0 | D:1      | Ashen the Gnoll Enchanter began the quest for the Orb.
     0 | D:1      | Reached XP level 1. HP: 13/13 MP: 6/6
   128 | D:1      | Found a faded altar of an unknown god.
   450 | D:1      | Reached XP level 2. HP: 17/19 MP: 7/7
   547 | D:1      | Learned a level 2 spell: Ensorcelled Hibernation
   903 | D:2      | Reached skill level 5 in Spellcasting
   903 | D:2      | Reached XP level 3. HP: 25/25 MP: 5/9
   984 | D:2      | Reached skill level 6 in Stealth
  1028 | D:2      | Reached skill level 1 in Invocations
  1046 | D:2      | Reached skill level 1 in Fighting
  1046 | D:2      | Reached skill level 1 in Long Blades
  1046 | D:2      | Reached skill level 1 in Axes
  1046 | D:2      | Reached skill level 1 in Maces & Flails
  1046 | D:2      | Reached skill level 1 in Polearms
  1046 | D:2      | Reached skill level 1 in Staves
  1046 | D:2      | Reached skill level 1 in Ranged Weapons
  1046 | D:2      | Reached skill level 1 in Throwing
  1046 | D:2      | Reached skill level 1 in Armour
  1046 | D:2      | Reached skill level 1 in Shields
  1046 | D:2      | Reached skill level 1 in Unarmed Combat
  1046 | D:2      | Reached skill level 1 in Evocations
  1111 | D:2      | Reached skill level 1 in Shapeshifting
  1111 | D:2      | Reached XP level 4. HP: 32/32 MP: 11/11
  1731 | D:3      | Reached skill level 1 in Conjurations
  1731 | D:3      | Reached skill level 1 in Summonings
  1731 | D:3      | Reached skill level 1 in Necromancy
  1731 | D:3      | Reached skill level 1 in Translocations
  1731 | D:3      | Reached skill level 1 in Fire Magic
  1731 | D:3      | Reached skill level 1 in Ice Magic
  1731 | D:3      | Reached skill level 1 in Air Magic
  1731 | D:3      | Reached skill level 1 in Earth Magic
  1731 | D:3      | Reached skill level 1 in Alchemy
  1735 | D:3      | Learned a level 3 spell: Confusing Touch
  1739 | D:3      | Learned a level 3 spell: Tukima's Dance
  1743 | D:3      | Learned a level 3 spell: Dazzling Flash
  2033 | D:3      | Found a runed translucent door.
  2034 | D:3      | Noticed Crazy Yiuf
  2103 | D:3      | Killed Crazy Yiuf
  2236 | D:4      | Found an iron altar of Okawaru.
  2253 | D:4      | Found Oma Neal's Antique Armour Shoppe.
  2255 | D:4      | Reached XP level 5. HP: 37/37 MP: 12/12
  2387 | D:4      | Found a radiant altar of Vehumet.
  2446 | D:4      | Killed from afar by an orc wizard

Illustrated notes

Levels and vault maps discovered:
D:1:      saegor_arrival_simple_e, layout_basic, basic_ecumenical_altar
D:2:      layout_basic
D:3:      layout_rooms, serial_glass, glass_columns_a, glass_columns_c,
          glass_columns_b, glass_columns_c, glass_columns_a, glass_columns_a,
          item_on_display_a, chequers_serial_rivers_room_b,
          uniq_crazy_yiuf_cottage
D:4:      minmay_chambers_of_twos, layout_basic, vehumet_altar_wand_db,
          mainiacjoe_overflow_catch_the_wave, serial_shops, shop,
          minmay_misc_feat_five, hangedman_decor_clover_reticule

Skill      XL: |  1  2  3  4 |
---------------+-------------+-----
Spellcasting   | 5 |  5.2
Stealth        | 6 |  6.1
Invocations    | 1 |  1.6
Fighting       | 1 |  1.4
Long Blades    | 1 |  1.4
Axes           | 1 |  1.4
Maces & Flails | 1 |  1.4
Polearms       | 1 |  1.4
Staves         | 1 |  1.4
Ranged Weapons | 1 |  1.4
Throwing       | 1 |  1.4
Armour         | 1 |  1.4
Shields        | 1 |  1.4
Unarmed Combat | 1 |  1.4
Evocations     | 1 |  1.4
Shapeshifting  | 1 |  1.3
Conjurations   | 1 |  1.1
Summonings     | 1 |  1.1
Necromancy     | 1 |  1.1
Translocations | 1 |  1.1
Fire Magic     | 1 |  1.1
Ice Magic      | 1 |  1.1
Air Magic      | 1 |  1.1
Earth Magic    | 1 |  1.1
Alchemy        | 1 |  1.1
Short Blades   | |  2.9
Dodging        | |  4.7
Hexes          | |  5.5

Action                     |  1- 3 |  4- 6 || total
---------------------------+-------+-------++-------
  Melee: Dagger            |    70 |    78 ||   148
         Bite              |     6 |     6 ||    12
   Cast: Ensorcelled Hiber |     5 |    13 ||    18
   Stab: Sleeping          |    14 |    15 ||    29
         Distracted        |     1 |     1 ||     2
 Armour: Robe              |    23 |    40 ||    63
  Dodge: Dodged            |    39 |    43 ||    82
  Block: Buckler           |    10 |    17 ||    27
